[Event "*** Titled Tuesday Blitz"]
[Site "Chess.com"]
[Date "2020.10.20"]
[Round "7"]
[White "igorkovalenko"]
[Black "Chernobay_Artem"]
[Result "1-0"]
[WhiteElo "2814"]
[BlackElo "2590"]
[TimeControl "180+1"]
[EndTime "11:19:26 PDT"]
[Termination "igorkovalenko won by resignation"]

1. d4 g6 2. e4 Bg7 3. Nf3 d6 4. Bc4 e6 5. Bb3 Ne7 6. h4 h6 7. a4 b6 8. a5 Bb7 9. Qe2 a6 10. axb6 cxb6 11. Nbd2 Nd7 12. Nf1 O-O 13. Ng3 e5 14.
dxe5 dxe5 15. Be3 Nc5 16. Bxc5 bxc5 17. Bc4 Qb6 18. c3 Kh7 19. h5 g5 20. O-O a5 21.
b3 Bc6 22. Rfd1 Qb7 23. Nh2 f5 24. exf5 Bxg2 25. Be6 Rad8 26. Rxd8 Rxd8 27. Rd1 Bh3 28. f3 Rxd1+ 29. Qxd1 c4 30. Ng4 Qb6+ 31. Kh2 Bxg4 32. fxg4 Qf2+ 33. Kh3 cxb3 34. Bxb3 e4 35. Qd6 Ng8 36.
Qg6+ Kh8 37. Qe8 1-0

[Event "*** Titled Tuesday Blitz"]
[Site "Chess.com"]
[Date "2020.10.20"]
[Round "7"]
[White "thedjoker98"]
[Black "Fischerev7"]
[Result "0-1"]
[WhiteElo "2560"]
[BlackElo "2423"]
[TimeControl "180+1"]
[EndTime "11:19:26 PDT"]
[Termination "Fischerev7 won by checkmate"]

1. d4 Nf6 2. c4 e6 3. Nc3 Bb4 4. g3 O-O 5. Bg2 d5 6. Nf3 b6 7. O-O Bb7 8. cxd5 Nxd5 9. Qc2 Nd7 10. Rd1 N7f6 11. Ne5 Bd6 12. e4 Nxc3 13. bxc3 Bxe5 14.
dxe5 Nd7 15. Qd3 Bc6 16. Qc4 Bb7 17. Ba3 c5 18. Qb5 Bc8 19. Qc6 Nxe5 20. Qxa8 Qc7 21. f4 Nc6 22. e5 Bb7 23. Qxf8+ Kxf8 24. Rd6 Na5 25. Rad1 Bxg2 26. Kxg2 Qb7+ 27. Kf2 g6 28. Rd8+ Kg7 29. Bc1 Qe4 30. Rc8 Qc2+ 31. Ke1 Nc4 32. h4 Qxc3+ 33. Kf2 Qc2+ 34. Ke1 Qg2 35. Rdd8 Qg1+ 36.
Ke2 Qxc1 37. Kf3 Qf1+ 38. Kg4 Ne3+ 39. Kg5 h6# 0-1

[Event "*** Titled Tuesday Blitz"]
[Site "Chess.com"]
[Date "2020.10.20"]
[Round "7"]
[White "1977Ivan"]
[Black "PotapovaM"]
[Result "1-0"]
[WhiteElo "2687"]
[BlackElo "2526"]
[TimeControl "180+1"]
[EndTime "11:19:28 PDT"]
[Termination "1977Ivan won by resignation"]

1. c4 Nf6 2. Nc3 e6 3. Nf3 d5 4. d4 dxc4 5. e3 a6 6. a4 c5 7. Bxc4 Nc6 8. O-O Be7 9. dxc5 Qxd1 10. Rxd1 Bxc5 11. Bd2 b6 12. Bd3 Bb7 13. Ne4 Nxe4 14. Bxe4 f5 15. Bd3 Rd8 16. Bc3 Ke7 17. Bc4 Rxd1+ 18. Rxd1 Rg8 19. Ng5 Rd8 20. Rxd8 Nxd8 21. Bxg7 Bc6 22. Bxa6 Bxa4 23. Bc4 h5 24. h4 Bd1 25.
Kf1 Bb4 26. Bd4 Ba5 27. g3 Ba4 28. Be2 Be8 29. Nh3 Nc6 30. Bc3 Bxc3 31. bxc3 e5 32. Ng5 Kd6 33. Ke1 Ne7 34. Kd2 Nd5 35. Bc4 Nf6 36. f3 Kc5 37. Bf7 Bc6 38. Bg6 Bd7 39. e4 fxe4 40. Nxe4+ Nxe4+ 41. Bxe4 Be8 42. g4 Kc4 43. g5 Bf7 44. Bh7 1-0

[Event "*** Titled Tuesday Blitz"]
[Site "Chess.com"]
[Date "2020.10.20"]
[Round "7"]
[White "Jungle_Jaguar"]
[Black "dopolian"]
[Result "1-0"]
[WhiteElo "2596"]
[BlackElo "2417"]
[TimeControl "180+1"]
[EndTime "11:19:28 PDT"]
[Termination "Jungle_Jaguar won on time"]

1. e4 Nc6 2. Nf3 e5 3. Bb5 a6 4. Ba4 Nf6 5. O-O Nxe4 6. d4 b5 7. Bb3 d5 8. dxe5 Be6 9. c3 Bc5 10. Nbd2 O-O 11. Bc2 Nxf2 12. Rxf2 f6 13. exf6 Bxf2+ 14. Kxf2 Qxf6 15. Nf1 Ne5 16. Be3 Rae8 17. Bd4 Bg4 18. Nd2 Qh4+ 19. Kg1 Nxf3+ 20. Nxf3 Bxf3 21. gxf3 Qh5 22. Kg2 Qg5+ 23. Kh1 Qh5 24. f4 Qxd1+ 25. Rxd1 Rxf4 26. Bd3 c6 27. a4 Rf3 28. Kg2 Ref8 29.
axb5 axb5 30. Be2 R3f7 31. Ra1 Re8 32. Bg4 Rf4 33. Bd7 Re2+ 34. Kg3 Rf8 35. Bxc6 Rxb2 36. Bxd5+ Kh8 37. Ra7 1-0

[Event "*** Titled Tuesday Blitz"]
[Site "Chess.com"]
[Date "2020.10.20"]
[Round "7"]
[White "grandcoach"]
[Black "Chessbard1972"]
[Result "1-0"]
[WhiteElo "2164"]
[BlackElo "2285"]
[TimeControl "180+1"]
[EndTime "11:19:28 PDT"]
[Termination "grandcoach won by resignation"]

1. e4 c5 2. b4 b6 3. Bc4 e6 4. Nf3 Bb7 5. bxc5 bxc5 6. Nc3 Nf6 7. d3 Nc6 8. Rb1 Na5 9. O-O a6 10. e5 Nd5 11. Ne4 Be7 12. Bg5 f6 13. exf6 gxf6 14. Ne5 h5 15. Ng6 Rh7 16. Nxe7 Qxe7 17. Bxd5 Bxd5 18. Bxf6 Qf8 19. Bc3 Nc6 20. f4 Nd4 21.
Bxd4 cxd4 22. f5 Bxe4 23. dxe4 e5 24. f6 Kf7 25. Qd3 Qc5 26. Rb7 Rd8 27. Qb3+ Kf8 28.
Rb8 Rxb8 29. Qxb8+ Kf7 30. Qb3+ Kf8 31. Qb8+ Kf7 32. Kh1 h4 33. Qb3+ Kf8 34. f7 h3 35.
Qb8+ Kg7 36. f8=Q+ Qxf8 37. Qxf8+ 1-0

[Event "*** Titled Tuesday Blitz"]
[Site "Chess.com"]
[Date "2020.10.20"]
[Round "7"]
[White "LaPorfia"]
[Black "BigAl"]
[Result "0-1"]
[WhiteElo "2316"]
[BlackElo "2468"]
[TimeControl "180+1"]
[EndTime "11:19:29 PDT"]
[Termination "BigAl won by resignation"]

1. d4 Nf6 2. Nf3 g6 3. Nc3 Bg7 4. e4 d6 5. h3 O-O 6. Be3 a6 7. a4 b6 8. Nd2 c5 9. d5 e5 10. dxe6 Bxe6 11. Bc4 d5 12. exd5 Nxd5 13. Qf3 Nxe3 14.
fxe3 Bxc4 15. Nxc4 Qh4+ 16. g3 Qxc4 17. Qxa8 Bxc3+ 18.
bxc3 Qxc3+ 19. Kf2 Qxc2+ 20. Kf3 Nd7 21. Qe4 Qc3 22.
Rac1 Qf6+ 23. Qf4 Qc6+ 24. Kf2 Re8 25. Rcd1 Ne5 26. h4 h5 27. Rhf1 c4 28. Kg1 c3 29. Rc1 b5 30. axb5 axb5 31. Rf2 b4 32. Qxb4 Nf3+ 33. Kf1 Nd2+ 34. Rxd2 cxd2 35. Qxd2 Qh1+ 36.
Ke2 Qg2+ 37. Ke1 Qxg3+ 38. Qf2 Rxe3+ 39. Kf1 Rf3 40. Rc8+ Kg7 0-1

[Event "*** Titled Tuesday Blitz"]
[Site "Chess.com"]
[Date "2020.10.20"]
[Round "7"]
[White "Bulldog167"]
[Black "GOGIEFF"]
[Result "0-1"]
[WhiteElo "2753"]
[BlackElo "2882"]
[TimeControl "180+1"]
[EndTime "11:19:30 PDT"]
[Termination "GOGIEFF won on time"]

1. e4 c5 2. Nf3 d6 3. d4 cxd4 4. Qxd4 Nf6 5. Nc3 a6 6. e5 Nc6 7. Qa4 Ng4 8. exd6 Qxd6 9. Be2 e5 10. O-O Bd7 11. Rd1 Nd4 12. Rxd4 exd4 13. Qxd4 Qxd4 14.
Nxd4 Bc5 15. Bxg4 Bxg4 16. Nb3 Ba7 17. h3 Bf5 18. Nd5 Rd8 19. c4 Bd3 20. Bg5 f6 21.
Re1+ Kf7 22. Re7+ Kg6 23. Rxb7 Bxc4 24. Rxa7 Rxd5 25. Be3 Rb8 26. Nd2 Bxa2 27. Nf3 h6 28. Nh4+ Kh7 29. g4 Bb1 30. Rxa6 Rxb2 31. Ra7 Be4 32.
Kh2 Rd1 33. Kg3 Rg1+ 34. Kf4 Rb4 35. Nf5 Bb1+ 36. Nd4 Rd1 37. Kf3 Rdxd4 38. Bxd4 Rxd4 39. Rb7 Be4+ 40. Ke3 Bxb7 41. Kxd4 g5 0-1

[Event "*** Titled Tuesday Blitz"]
[Site "Chess.com"]
[Date "2020.10.20"]
[Round "7"]
[White "PauloCesarCosta_sad"]
[Black "orestn"]
[Result "0-1"]
[WhiteElo "2263"]
[BlackElo "2427"]
[TimeControl "180+1"]
[EndTime "11:19:30 PDT"]
[Termination "orestn won on time"]

1. Nf3 d5 2. d4 e6 3. c4 c5 4.
cxd5 exd5 5. g3 Nc6 6. Bg2 Nf6 7. O-O cxd4 8. Nxd4 Bc5 9. Nb3 Bb6 10. Nc3 d4 11. Ne4 Nxe4 12. Bxe4 O-O 13. Bf4 Qf6 14. Bg2 Rd8 15. Rc1 Bf5 16. Qd2 Rd7 17. Nc5 Bxc5 18. Rxc5 Re8 19. Rfc1 Re6 20. Bxc6 Rxc6 21. Rxc6 bxc6 22.
Bg5 Qe6 23. a3 h6 24. Bf4 Be4 25. f3 Bf5 26. Rc5 Bg6 27. Re5 Qb3 28. Re8+ Kh7 29.
Rb8 Qd5 30. Kg2 Bf5 31. h4 Qe6 32. Rb4 c5 33. Ra4 Bg6 34. Ra5 c4 35. Re5 Qc6 36. Qb4 d3 37. exd3 cxd3 38. Bd2 h5 39. Qc5 Qb7 40. Qb5 Qc8 41. Qc5 Rc7 42. Qd5 Rc2 43. Rxh5+ Bxh5 44. Qxh5+ Kg8 45. Qg5 Qe8 0-1

[Event "*** Titled Tuesday Blitz"]
[Site "Chess.com"]
[Date "2020.10.20"]
[Round "7"]
[White "arminmusovic"]
[Black "ItsCheckM8Mate"]
[Result "1-0"]
[WhiteElo "2571"]
[BlackElo "2378"]
[TimeControl "180+1"]
[EndTime "11:19:32 PDT"]
[Termination "arminmusovic won by resignation"]

1. a3 e5 2. Nc3 d5 3. d4 exd4 4. Qxd4 Be6 5. e4 Nf6 6. exd5 Nxd5 7. Nf3 Nc6 8. Bb5 Be7 9. O-O O-O 10. Bxc6 bxc6 11. Ne4 a5 12. Ne5 Qe8 13. Re1 f6 14.
Nd3 Qg6 15. c4 c5 16. Nexc5 Bxc5 17. Nxc5 Bf7 18. cxd5 Rfe8 19. Bf4 Qc2 20. Ne6 Rab8 21. Rac1 Qxb2 22. Qxb2 Rxb2 23. Bxc7 Rb3 24. Bxa5 Rxa3 25. Bc7 Rd3 26. Nf4 Rxe1+ 27. Rxe1 Bxd5 28. Nxd3 1-0

[Event "*** Titled Tuesday Blitz"]
[Site "Chess.com"]
[Date "2020.10.20"]
[Round "7"]
[White "geordie_derraugh"]
[Black "BocharovD"]
[Result "0-1"]
[WhiteElo "2400"]
[BlackElo "2803"]
[TimeControl "180+1"]
[EndTime "11:19:36 PDT"]
[Termination "BocharovD won by resignation"]

1. e4 c5 2. Nf3 d6 3. Bb5+ Bd7 4.
Bxd7+ Qxd7 5. O-O Nf6 6. Qe2 Nc6 7. Rd1 e6 8. d4 cxd4 9. Nxd4 Be7 10. c4 O-O 11. Nc3 Rac8 12. f4 Nxd4 13. Rxd4 d5 14. Kh1 Bc5 15. Rd1 Bb4 16. exd5 Bxc3 17. dxe6 Qxe6 18. Qxe6 fxe6 19. bxc3 Rxc4 20. Rb1 b6 21. Re1 Kf7 22. Bb2 Rxf4 23. Re2 Rd8 24. Rbe1 Re4 25.
Rxe4 Nxe4 26. Kg1 Nc5 27. Rf1+ Kg6 28. Bc1 Rd3 29. Rf3 Rd1+ 30. Rf1 Rxf1+ 31. Kxf1 Kf5 32. Ke2 Ke4 33. Be3 Na4 34. Bd2 b5 35. Be1 a6 36.
Kd2 Kd5 37. Kd3 Nc5+ 38. Kc2 Kc4 39. Bg3 Nd3 40. h4 h5 41. Kd2 e5 42. Kc2 g6 43.
Kd2 a5 44. Kc2 a4 45. Kd2 e4 46. Bc7 b4 47. cxb4 Nxb4 48. a3 Nd5 49. Bd6 Kb3 50.
Bf8 Kc4 51. Bd6 e3+ 52. Ke2 Kd4 53. Bb8 Ke4 54. g3 Nc3+ 55. Ke1 Kd3 56. Ba7 Nb5 57. Bc5 Nd4 58. Bxd4 Kxd4 59. Ke2 Ke4 0-1

[Event "*** Titled Tuesday Blitz"]
[Site "Chess.com"]
[Date "2020.10.20"]
[Round "7"]
[White "GothamChess"]
[Black "AustrianFalcon"]
[Result "0-1"]
[WhiteElo "2600"]
[BlackElo "2462"]
[TimeControl "180+1"]
[EndTime "11:19:36 PDT"]
[Termination "AustrianFalcon won on time"]

1. e4 g6 2. d4 Bg7 3. Nf3 d6 4.
Bc4 Nf6 5. Qe2 O-O 6. O-O Bg4 7. h3 Bxf3 8. Qxf3 Nc6 9. c3 e5 10. Rd1 exd4 11. cxd4 Nd7 12. Be3 Nb6 13. Bb3 Na5 14. Bc2 Nac4 15. Bc1 Qe7 16. a4 Na5 17. Nc3 Nc6 18.
Be3 a5 19. Bb3 Kh8 20. Rac1 f5 21. Nd5 Nxd5 22. Bxd5 f4 23. Bd2 Nxd4 24. Qd3 f3 25. g3 c6 26. Ba2 Ne2+ 27. Kh2 Nxc1 28. Rxc1 Rae8 29. Re1 h5 30. e5 Bxe5 31. Qxg6 Qh7 32. Qg5 h4 33. Re4 hxg3+ 34. fxg3 Qxe4 0-1

[Event "*** Titled Tuesday Blitz"]
[Site "Chess.com"]
[Date "2020.10.20"]
[Round "7"]
[White "lelya96"]
[Black "Ural_bogatyr"]
[Result "0-1"]
[WhiteElo "2186"]
[BlackElo "2357"]
[TimeControl "180+1"]
[EndTime "11:19:36 PDT"]
[Termination "Ural_bogatyr won by resignation"]

1. e4 e5 2. Nf3 Nc6 3. Bb5 Bc5 4.
O-O Nf6 5. d3 d6 6. h3 O-O 7. c3 Ne7 8. b4 Bb6 9. a4 c6 10. Bc4 Ng6 11. Bb3 d5 12. Qe2 Bc7 13. Bg5 Be6 14. Nbd2 h6 15. Bxf6 Qxf6 16. Qe3 Nf4 17.
d4 Qg6 18. Nh4 Qh5 19. Ndf3 Bxh3 20. dxe5 Bxg2 21. Nxg2 Nh3+ 22. Kh1 Nxf2+ 23. Kg1 Bb6 24. Nd4 Nxe4 25. a5 Bc7 26. Rf5 Qg6 27. Kh2 Rae8 28. Nh4 Qg4 29. Qh3 Bxe5+ 30. Rxe5 Qxh3+ 31. Kxh3 Rxe5 32. Rg1 Kh7 33. Nhf5 g6 34. Ng3 Nxc3 35. Rf1 f5 36. Nf3 Re3 37. Rf2 Ne4 38. Bd1 0-1

[Event "*** Titled Tuesday Blitz"]
[Site "Chess.com"]
[Date "2020.10.20"]
[Round "7"]
[White "Grineva_Marianna"]
[Black "Cocaino74"]
[Result "1-0"]
[WhiteElo "2261"]
[BlackElo "2359"]
[TimeControl "180+1"]
[EndTime "11:19:37 PDT"]
[Termination "Grineva_Marianna won by resignation"]

1. e4 a5 2. Nf3 Ra6 3. Bxa6 Nxa6 4. O-O g6 5. d4 Bg7 6. c3 Nf6 7. e5 Ne4 8. Re1 d5 9. exd6 Nxd6 10. Bg5 f6 11.
Bf4 O-O 12. h3 Bf5 13. Nbd2 Kh8 14. Bxd6 Qxd6 15. Nc4 Qd5 16. Ne3 Qd7 17. Nxf5 gxf5 18.
Qb3 c6 19. Re2 Re8 20. Rae1 Bf8 21. Qf7 Nc7 22. Qh5 Bg7 23. Nh4 Nd5 24. g3 f4 25. c4 Nc7 26. Ng6+ Kg8 27. Nxe7+ Kf8 28. Nf5 fxg3 29. Rxe8+ Nxe8 30. fxg3 b5 31. Qxe8+ Qxe8 32. Rxe8+ Kxe8 33. Nxg7+ 1-0

[Event "*** Titled Tuesday Blitz"]
[Site "Chess.com"]
[Date "2020.10.20"]
[Round "7"]
[White "CLG_Nemsko"]
[Black "Vandros57"]
[Result "1-0"]
[WhiteElo "2202"]
[BlackElo "2165"]
[TimeControl "180+1"]
[EndTime "11:19:37 PDT"]
[Termination "CLG_Nemsko won by resignation"]

1. e4 c5 2. Nf3 e6 3. d4 cxd4 4. Nxd4 Nf6 5. Nc3 Nc6 6. Nxc6 bxc6 7. e5 Nd5 8. Nxd5 cxd5 9. c3 d6 10. Bf4 dxe5 11. Bxe5 Bd7 12. Bd3 Qg5 13. Bg3 Bc5 14.
Qc2 h5 15. h4 Qg4 16. Be2 Qa4 17.
Qxa4 Bxa4 18. b3 Bc6 19. O-O-O O-O 20. Bxh5 Rac8 21. Kb2 Be7 22. Bf3 Bf6 23. Rc1 a5 24. a4 Rfd8 25. Rhd1 Rd7 26. h5 Rb7 27. Ka2 Kf8 28. Bd6+ Ke8 29. c4 dxc4 30. Rxc4 Rb6 31. Rdc1 Kd7 32. Bf4 Bb7 33. Rxc8 Bxc8 34. Rc7+ Kd8 35.
Rc5 e5 36. Be3 Be6 37. Rc3 Kd7 38. Bxb6 1-0

[Event "*** Titled Tuesday Blitz"]
[Site "Chess.com"]
[Date "2020.10.20"]
[Round "7"]
[White "LyonBeast"]
[Black "Oleksandr_Bortnyk"]
[Result "1-0"]
[WhiteElo "3040"]
[BlackElo "2889"]
[TimeControl "180+1"]
[EndTime "11:19:38 PDT"]
[Termination "LyonBeast won on time"]

1. Nf3 Nf6 2. c4 b6 3. b3 Bb7 4.
Bb2 g6 5. g3 Bg7 6. Bg2 O-O 7.
O-O e6 8. d4 d5 9. e3 Nbd7 10.
Nc3 a6 11. Rc1 Re8 12. Qe2 Qe7 13. Rfd1 Rac8 14. Ne5 h5 15. h3 c6 16. Nd3 b5 17.
c5 a5 18. a3 Nh7 19. f4 f5 20. Ne5 Nxe5 21. dxe5 Nf8 22. b4 Ra8 23. Qf3 Nd7 24.
Ne2 axb4 25. axb4 Ra2 26. Bc3 Rea8 27. Ra1 Qd8 28. Nd4 Kf7 29. Qf1 R8a3 30. Rxa2 Rxa2 31. Ra1 Qa8 32. Rxa2 Qxa2 33. Qa1 Qxa1+ 34. Bxa1 g5 35. Bf3 g4 36. Be2 Nb8 37. Bd3 Bc8 38.
hxg4 hxg4 39. Bc2 Bd7 40. Bb3 Ke7 41. Bc3 Bh6 42. Kf2 Bf8 43. Ke2 Ke8 44. e4 Kf7 45.
exf5 exf5 46. Bc2 Kg6 47. e6 Be8 48. Nxf5 Kh5 49. Nd6 Bg6 50. f5 Bh7 51. Ne8 Kg5 52. Bd2+ 1-0

[Event "*** Titled Tuesday Blitz"]
[Site "Chess.com"]
[Date "2020.10.20"]
[Round "7"]
[White "Mikasinski"]
[Black "GukeshDommaraju"]
[Result "1-0"]
[WhiteElo "2584"]
[BlackElo "2822"]
[TimeControl "180+1"]
[EndTime "11:19:39 PDT"]
[Termination "Mikasinski won on time"]

1. e4 c6 2. d4 d5 3. e5 Bf5 4. h4 h5 5. Bg5 Qb6 6. Bd3 Bxd3 7. Qxd3 Qxb2 8. e6 Qxa1 9. Qb3 Qxd4 10. Qxb7 fxe6 11.
Nf3 Qb6 12. Qxa8 Qxb1+ 13. Kd2 Qb4+ 14. Kd1 Nf6 15. Bd2 Qb1+ 16. Ke2 Qb5+ 17. Kd1 Ne4 18.
Qxa7 Nd7 19. Re1 Qb1+ 20. Ke2 Qxc2 21. Rc1 Nc3+ 22. Ke1 Qe4+ 23. Be3 Qd3 24. Qxd7+ Kxd7 25. Ne5+ Kd6 26. Nxd3 Ne4 27. Bf4+ Kd7 28. Ne5+ Kc8 29. Rxc6+ Kb7 30. Rxe6 Nc5 31. Rg6 e6 32. Be3 Bd6 33. Nf7 Nd3+ 34. Kd2 Ne5 35. Nxh8 1-0

[Event "*** Titled Tuesday Blitz"]
[Site "Chess.com"]
[Date "2020.10.20"]
[Round "7"]
[White "medalja"]
[Black "shineatchess"]
[Result "1-0"]
[WhiteElo "2412"]
[BlackElo "2206"]
[TimeControl "180+1"]
[EndTime "11:19:40 PDT"]
[Termination "medalja won on time"]

1. d4 d5 2. c4 e6 3. Nf3 Nf6 4. g3 dxc4 5. Bg2 Bd7 6. Ne5 Bc6 7.
Nxc6 Nxc6 8. O-O Qd7 9. Qa4 Nb4 10. Nc3 Qxa4 11. Nxa4 Nc2 12. Bxb7 Rb8 13. Bc6+ Kd8 14. Rb1 Na3 15. Ra1 Nc2 16. Rb1 Na3 17. Bg5 Nxb1 18. Rxb1 h6 19. Bf4 Bd6 20. e4 Bxf4 21. gxf4 Ke7 22.
Rc1 Rb4 23. a3 Rxa4 24. Bxa4 Nxe4 25. Rxc4 Rc8 26. Bc6 Nd6 27. Ra4 Nf5 28. d5 exd5 29. Bxd5 Rd8 30. Be4 Nh4 31. Kf1 Rd1+ 32. Ke2 Rc1 33.
Rxa7 f5 34. Bd3 Ng6 35. Bxf5 Nxf4+ 36. Kf3 Nd5 37. b4 Rc3+ 38. Ke2 Nf4+ 39. Kd2 Rc4 40. b5 Rc5 41. b6 Rxf5 42. Rxc7+ Kd8 43. Rxg7 Rb5 44. b7 Nd5 45. Rh7 1-0

[Event "*** Titled Tuesday Blitz"]
[Site "Chess.com"]
[Date "2020.10.20"]
[Round "7"]
[White "VerdeNotte"]
[Black "Bigfish1995"]
[Result "0-1"]
[WhiteElo "2866"]
[BlackElo "3047"]
[TimeControl "180+1"]
[EndTime "11:19:42 PDT"]
[Termination "Bigfish1995 won by resignation"]

1. e4 c5 2. Nc3 Nc6 3. Bb5 g6 4. Bxc6 dxc6 5. d3 Bg7 6. f4 c4 7. Nf3 cxd3 8. cxd3 b6 9. Be3 Nh6 10. h3 O-O 11. f5 Kh8 12. Qd2 Ng8 13. fxg6 fxg6 14. O-O e5 15. d4 Ba6 16. Rfd1 Rxf3 17.
gxf3 Qh4 18. Qg2 Rf8 19. dxe5 Bc8 20. Ne2 Bxh3 21. Qg5 Qxg5+ 22. Bxg5 Bxe5 23. f4 Bxb2 24. Rab1 Ba3 25. Nd4 Bc5 26. Kh2 Bg4 27. Nxc6 Bxd1 28. Rxd1 h6 29. Rd8 hxg5 30. Rxf8 Bxf8 31. fxg5 Bd6+ 32. Kh3 a5 33. Kg4 Kg7 34. a4 Ne7 35. Nd8 Be5 36. Kf3 Kf8 37. Ke3 Ke8 38. Ne6 Nc6 39.
Kd3 Ke7 40. Kc4 Kxe6 41. Kb5 0-1

[Event "*** Titled Tuesday Blitz"]
[Site "Chess.com"]
[Date "2020.10.20"]
[Round "7"]
[White "RaunakSadhwani2005"]
[Black "Guriempire"]
[Result "1-0"]
[WhiteElo "2961"]
[BlackElo "2797"]
[TimeControl "180+1"]
[EndTime "11:19:42 PDT"]
[Termination "RaunakSadhwani2005 won by resignation"]

1. c4 Nf6 2. Nc3 e6 3. e4 e5 4.
Nf3 Nc6 5. d3 Bc5 6. h3 d6 7. g3 h6 8. Bg2 a6 9. O-O O-O 10. Kh2 Nd4 11. Nxd4 Bxd4 12. Ne2 Ba7 13. f4 b5 14. b3 bxc4 15. bxc4 Rb8 16. Qe1 c6 17. g4 Re8 18. g5 hxg5 19. fxg5 Nh7 20. Qg3 Nf8 21. h4 Qd7 22. Bf3 d5 23. exd5 e4 24. dxe4 cxd5 25. cxd5 Rb4 26. h5 Bb8 27. Bf4 Bxf4 28. Nxf4 Rb2+ 29. Rf2 Rxf2+ 30. Qxf2 Qd6 31.
Qg3 Nd7 32. g6 f6 33. Rg1 Ne5 34. Be2 Qb4 35. Qg2 Qd2 36. Rf1 Qe3 37. h6 gxh6 38.
Nh5 Nd7 39. Bg4 Qxe4 40. Qxe4 Rxe4 41. Be6+ Rxe6 42. dxe6 Ne5 43. e7 Ng4+ 44. Kg3 Bd7 45. Rd1 1-0

[Event "*** Titled Tuesday Blitz"]
[Site "Chess.com"]
[Date "2020.10.20"]
[Round "7"]
[White "Ladislav1969"]
[Black "albi1999"]
[Result "1/2-1/2"]
[WhiteElo "2424"]
[BlackElo "2588"]
[TimeControl "180+1"]
[EndTime "11:19:42 PDT"]
[Termination "Game drawn by stalemate"]

1. e4 c6 2. d4 d5 3. e5 Bf5 4. Nd2 e6 5. Nb3 Nd7 6. Nf3 h6 7. Be3 Ne7 8. Be2 Qc7 9. O-O f6 10. exf6 gxf6 11. c4 O-O-O 12. Rc1 Kb8 13. Nh4 Bh7 14.
Qd2 Ka8 15. f4 dxc4 16. Bxc4 Nd5 17. Bxd5 exd5 18. f5 Bd6 19. Bf4 Rhe8 20. Bxd6 Qxd6 21. Qf4 Qxf4 22. Rxf4 Re2 23. Rf2 Rde8 24. Rcf1 Kb8 25.
Rxe2 Rxe2 26. Rf2 Re1+ 27. Rf1 Rxf1+ 28. Kxf1 Kc7 29. Ke2 Kd6 30. Kf3 b6 31. Kf4 c5 32.
Nf3 c4 33. Nc1 b5 34. g4 b4 35. h4 a5 36. g5 fxg5+ 37. hxg5 hxg5+ 38. Nxg5 Bg8 39.
Nf3 Nf6 40. Ne5 Ne4 41. Nxc4+ dxc4 42. Kxe4 a4 43. a3 c3 44. bxc3 bxa3 45. Kd3 a2 46. Nxa2 Bxa2 47. f6 a3 48. Kc2 Ke6 49. c4 Kxf6 50. Kc3 Bxc4 51. Kc2 Ba2 52. Kc3 Bd5 53.
Kc2 Kf5 54. Kb1 Ke4 55. Ka1 Kxd4 56. Kb1 a2+ 57. Ka1 Kc3 1/2-1/2

[Event "*** Titled Tuesday Blitz"]
[Site "Chess.com"]
[Date "2020.10.20"]
[Round "7"]
[White "ajdemipopushi"]
[Black "shaheus"]
[Result "1-0"]
[WhiteElo "2348"]
[BlackElo "2185"]
[TimeControl "180+1"]
[EndTime "11:19:42 PDT"]
[Termination "ajdemipopushi won by resignation"]

1. Nf3 d6 2. d4 g6 3. g3 Bg7 4. c4 Nf6 5. Bg2 O-O 6. O-O Nbd7 7.
Nc3 e5 8. e4 Re8 9. Bg5 h6 10.
Be3 Ng4 11. Bc1 exd4 12. Nxd4 Nge5 13. b3 Nc5 14. Be3 Bg4 15. f3 Bd7 16. Qd2 Kh7 17. Rad1 a5 18. Nde2 b6 19. h3 Nc6 20. Nd4 Nxd4 21.
Bxd4 Bc6 22. Bxg7 Kxg7 23. Ne2 Qf6 24. Nd4 Bb7 25. Rfe1 Rad8 26. Nb5 Re7 27. Re2 Bc6 28. Nd4 Bb7 29. Rde1 Ne6 30. Nxe6+ Rxe6 31. f4 Rde8 32.
e5 dxe5 33. Bxb7 exf4 34. Rxe6 Rxe6 35. Rxe6 Qxe6 36. Qxf4 Qe1+ 37. Kh2 Qe2+ 38. Bg2 Qxa2 39. Qe3 a4 40. Qd4+ Kg8 41. bxa4 Qxa4 42. Qd8+ Kg7 43. Qxc7 b5 44. c5 b4 45. c6 b3 46.
Qe5+ Kg8 47. c7 1-0

[Event "*** Titled Tuesday Blitz"]
[Site "Chess.com"]
[Date "2020.10.20"]
[Round "7"]
[White "cukin84"]
[Black "dominikaf"]
[Result "1-0"]
[WhiteElo "2050"]
[BlackElo "2184"]
[TimeControl "180+1"]
[EndTime "11:19:43 PDT"]
[Termination "cukin84 won on time"]

1. e4 e5 2. Nf3 d6 3. Bc4 c5 4. c3 Nc6 5. d4 cxd4 6. cxd4 exd4 7.
Nxd4 Nf6 8. Nc3 Be7 9. O-O O-O 10. Nf5 Be6 11. Nxe7+ Qxe7 12. Nd5 Bxd5 13. exd5 Ne5 14. Bb3 Rac8 15. Bg5 h6 16. Bh4 g5 17. Bg3 Ng6 18. Re1 Qd7 19. Qf3 Kg7 20. Re3 Rfe8 21. h3 Rxe3 22. Qxe3 b6 23. Rc1 Rc5 24. Rc3 Nxd5 25.
Qd4+ Nf6 26. Qxd6 Qf5 27. Rf3 Qb1+ 28. Kh2 Rf5 29. Rc3 Nf4 30. Rc7 N6h5 31. Qd4+ Kg6 32.
Bc2 Qf1 33. Bxf5+ Kxf5 34. Bxf4 Nxf4 35. Rxf7+ Kg6 36. Rxf4 gxf4 37. Qxf4 Qb1 38. b4 Qxa2 39. Qd6+ Kg7 40. Qe7+ Kg6 41. Qe8+ Kg7 42. Qe5+ Kg6 43. f4 Qc4 44. f5+ 1-0

[Event "*** Titled Tuesday Blitz"]
[Site "Chess.com"]
[Date "2020.10.20"]
[Round "7"]
[White "Duhless"]
[Black "ArjunErigaisi2003"]
[Result "1/2-1/2"]
[WhiteElo "3026"]
[BlackElo "3049"]
[TimeControl "180+1"]
[EndTime "11:19:44 PDT"]
[Termination "Game drawn by repetition"]

1. d4 d5 2. c4 e6 3. Nf3 Nf6 4. g3 dxc4 5. Bg2 Bd7 6. Nbd2 Bc6 7. O-O Be7 8. Nxc4 O-O 9. b3 Bd5 10. Bb2 c5 11. dxc5 Na6 12. Qc2 Be4 13. Qc3 Nxc5 14. Rfd1 Qc7 15. Qe5 Qxe5 16. Nfxe5 Rfd8 17. Ba3 Kf8 18. Rac1 Bxg2 19. Kxg2 Ncd7 20. Nxd7+ Rxd7 21. Rxd7 Nxd7 22. Nd6 Nf6 23. Nb5 Bxa3 24. Nxa3 Rd8 25. Rc7 Rd2 26. Nc4 Rxe2 27. Kf3 Rxa2 28. Rxb7 h5 29. h3 Nd5 30. Rb8+ Ke7 31. Rb7+ Kf8 32. Rb8+ Ke7 33. Rb7+ Kf8 1/2-1/2

[Event "*** Titled Tuesday Blitz"]
[Site "Chess.com"]
[Date "2020.10.20"]
[Round "7"]
[White "chessknight02"]
[Black "Snegokhod"]
[Result "1-0"]
[WhiteElo "2313"]
[BlackElo "2432"]
[TimeControl "180+1"]
[EndTime "11:19:44 PDT"]
[Termination "chessknight02 won by resignation"]

1. d4 Nf6 2. c4 g6 3. Nc3 d5 4.
cxd5 Nxd5 5. Nf3 Bg7 6. g3 O-O 7. Bg2 c5 8. O-O cxd4 9. Nxd4 Nc7 10. Be3 Nd7 11. Rc1 Ne5 12. Ndb5 Na6 13. Qxd8 Rxd8 14. Rfd1 Rf8 15. Nd5 e6 16. Ndc7 Bd7 17. Nxa8 Bxb5 18. Nc7 Bxe2 19. Rd2 Nf3+ 20. Bxf3 Bxf3 21. Nxa6 bxa6 22.
Rdc2 f5 23. Rc8 Bxb2 24. Rxf8+ Kxf8 25. Rc7 h5 26. Rxa7 Be2 27. Rd7 Bf6 28. Bd4 Be7 29.
Be5 Bc4 30. a4 g5 31. Rc7 Be2 32. Bd4 h4 33. f4 g4 34. Kf2 Bf3 35. Bc5 Bxc5+ 36.
Rxc5 hxg3+ 37. hxg3 Bd5 38. Ke3 Ke7 39. Kd4 Kd6 40. Rc1 Bc6 41. a5 Bb5 42. Rc8 Kd7 43. Rb8 Bf1 44. Kc5 e5 45. fxe5 f4 46. gxf4 g3 47. Rg8 g2 48. f5 Ke7 49. Rg7+ Kf8 50. f6 Ke8 51. e6 Kf8 52. e7+ 1-0

[Event "*** Titled Tuesday Blitz"]
[Site "Chess.com"]
[Date "2020.10.20"]
[Round "7"]
[White "YIYUKI"]
[Black "stolencandy13"]
[Result "0-1"]
[WhiteElo "2324"]
[BlackElo "2470"]
[TimeControl "180+1"]
[EndTime "11:19:46 PDT"]
[Termination "stolencandy13 won by resignation"]

1. e4 c6 2. d4 d5 3. exd5 cxd5 4. c4 Nf6 5. Nc3 Nc6 6. Bg5 e6 7. Nf3 Bb4 8. cxd5 Qxd5 9. Bd3 Ne4 10. Bxe4 Qxe4+ 11. Be3 O-O 12. O-O Qg4 13. h3 Qh5 14. d5 Bxc3 15.
dxc6 Bf6 16. c7 b6 17. Bd4 Be7 18. Rc1 Bb7 19. Ne5 Qf5 20. Qg4 Qxg4 21. hxg4 Rfc8 22. Rc2 Bd6 23. Rfc1 f6 24. Nd7 Be4 25. Rc3 Bf4 26.
Re1 Bd5 27. Bxb6 axb6 28. Nxb6 Bd2 29. Nxc8 Rxc8 30. Rb3 Rxc7 31. Rb8+ Kf7 32. Rd1 Rc1 33. Rxc1 Bxc1 34. b4 Bxa2 35. b5 Bf4 36. b6 Bxb8 37. b7 Bd5 0-1